 Dungeon Crawl Stone Soup version 0.29.0-4-gdea44cf6ec (webtiles) character file.

Game seed: 18393671623356642814

364 qw the Chopper (level 6, -16/36 HPs)
             Began as a Tengu Warper on Aug 28, 2022.
             Demolished by an ogre
             ... wielding a +0 giant club
              (22 damage)
             ... on level 4 of the Dungeon.
             The game lasted 00:00:33 (4516 turns).

qw the Chopper (Tengu Warper)                       Turns: 4516, Time: 00:00:34

Health: -16/36     AC: 12    Str: 14    XL:     6   Next: 67%
Magic:  10/10      EV: 11    Int: 13    God:
Gold:   83         SH:  0    Dex: 13    Spells: 9/9 levels left

rFire   . . .      SeeInvis .   Y - +0 hand axe
rCold   . . .      Faith    .   (no shield)
rNeg    . . .      Spirit   .   g - +0 scale mail
rPois   .          Reflect  .   (helmet restricted)
rElec   .          Harm     .   e - +1 cloak {rCorr}
rCorr   +          Rampage  .   (no gloves)
Will    .....                   (boots unavailable)
Stlth   ..........              (no amulet)
HPRegen 0.12/turn               b - +4 ring of protection
MPRegen 0.12/turn               (no ring)

@: flying quickly and evasively, quick
A: beak, talons 3, nimble flight
a: no special abilities


You were on level 4 of the Dungeon.
You visited 1 branch of the dungeon, and saw 4 of its levels.

You collected 168 gold pieces.
You spent 85 gold pieces at shops.


Innate Abilities, Weirdness & Mutations

You have a beak for a mouth.
You have claws for feet.
Your magical nature lets you fly swiftly and evasively.


   Skills:
 + Level 2.5 Fighting
 - Level 7.3 Axes
 - Level 1.0 Throwing
 - Level 1.1 Armour
 - Level 2.1 Dodging
 - Level 2.0 Spellcasting
 - Level 2.4 Translocations


You had 9 spell levels left.
You didn't know any spells.
Your spell library contained the following spells:

 Spells                   Type           Power      Damage    Failure   Level
 Blink                    Tloc           14%        N/A       54%         2
 Gell's Gravitas          Tloc           7%         N/A       77%         3
 Lesser Beckoning         Tloc           7%         N/A       77%         3
 Teleport Other           Tloc           7%         N/A       77%         3
 Manifold Assault         Tloc           7%         N/A       100%        5

Inventory:

Hand Weapons
 l - a +0 morningstar
 Y - a +0 hand axe (weapon)
Armour
 e - a +1 cloak of preservation (worn)
 g - a +0 scale mail (worn)
Jewellery
 b - a +4 ring of protection (left hand)
Potions
 c - a potion of mutation {unknown}
 d - a potion of magic {unknown}
 h - a potion of berserk rage {unknown}
 i - a potion of resistance {unknown}
 j - a potion of attraction {unknown}
 k - a potion of degeneration {unknown}
 n - a potion of haste {unknown}

Dungeon Overview and Level Annotations

Branches:
Dungeon (4/15)
 Temple: D:4-7

Altars:

Shops:
D:3 *


Message History

An ogre comes into view. It is wielding a +0 giant club.
The ogre shouts!
You hear a shout! x2
Enter note:
Enter note:
Enter note: You hit the ogre.
The ogre is lightly wounded.
The ogre barely misses you.
You barely miss the ogre. You claw the ogre.
The ogre is moderately wounded.
The ogre barely misses you.
You hit the ogre.
The ogre is moderately wounded.
You closely miss the ogre.
The ogre is moderately wounded.
The ogre hits you with a +0 giant club.
You hit the ogre. You peck the ogre.
The ogre is severely wounded.
The ogre hits you with a +0 giant club!!
Ouch! That really hurt!
4510 ||| DRINKING potion of heal wounds.
You feel much better.
You barely miss the ogre. You claw the ogre, but do no damage.
The ogre is heavily wounded.
The ogre barely misses you.
You closely miss the ogre. Your kick misses the ogre.
The ogre is heavily wounded.
The ogre hits you with a +0 giant club!
You hit the ogre.
The ogre is severely wounded.
You barely miss the ogre. Your kick misses the ogre.
The ogre is severely wounded.
The ogre hits you but does no damage.
You hit the ogre. You claw the ogre, but do no damage.
The ogre is almost dead.
You hit the ogre but do no damage. Your peck misses the ogre.
The ogre is almost dead.
The ogre hits you with a +0 giant club!!
Ouch! That really hurt!
You die...

.... ... . #.#. #.#
..#...###.#
...........
..........#
........#.#
........#.###
......O@....#.#
..#$#.#.#.#.#.# ..
#.#.#.#.# ##
#.#.#.#.# #.#.#.#.#
#.#.#.#.###
#.........#.##
#.#.#.........
..#.###.#.#.#####.##


You could see an ogre.

Vanquished Creatures
  Sigmund (D:3)
  A hound (D:2)
  Crazy Yiuf (D:2)
  Terence (D:2)
  An orc wizard (D:3)
  2 worms
  2 dart slugs
  5 orcs (D:3)
  12 ball pythons
  11 endoplasms
  A giant cockroach (D:2)
  9 goblins
  5 hobgoblins
  6 jackals
  4 quokkas
  9 bats
  4 frilled lizards
  4 kobolds
  7 rats
86 creatures vanquished.

Notes
Turn   | Place    | Note
-------+----------+-------------------------------------------
     0 | D:1      | qw the Tengu Warper began the quest for the Orb.
     0 | D:1      | Reached XP level 1. HP: 12/12 MP: 4/4
     0 | D:1      | 0 ||| qw: Version: 0.1-a-89-g26bdef1
     0 | D:1      | 0 ||| qw: Game counter: 734
     0 | D:1      | 0 ||| qw: Always use a shield: true
     0 | D:1      | 0 ||| qw: God list: Okawaru
     0 | D:1      | 0 ||| qw: Allow faded altars: false
     0 | D:1      | 0 ||| qw: Do Orc after D:15 true
     0 | D:1      | 0 ||| qw: Do second Lair branch before Depths: true
     0 | D:1      | 0 ||| qw: Lair rune preference: random
     0 | D:1      | 0 ||| qw: Plans: Normal
     0 | D:1      | 0 ||| PLANNING D:1-11
   256 | D:1      | Reached XP level 2. HP: 17/17 MP: 6/6
   261 | D:1      | Reached skill level 3 in Axes
   653 | D:1      | 653 ||| Stepping ~*~*~tactically~*~*~ (stealth).
   654 | D:1      | 654 ||| Stepping ~*~*~tactically~*~*~ (stealth).
  1057 | D:1      | Reached XP level 3. HP: 20/21 MP: 7/7
  1194 | D:1      | Reached skill level 4 in Axes
  1291 | D:1      | 1291 ||| UPGRADING to +0 scale mail.
  1301 | D:1      | 1301 ||| DROPPING +0 leather armour.
  1302 | D:1      | 1302 ||| DROPPING amulet of magic regeneration.
  1303 | D:1      | 1303 ||| READING scroll labelled NUNTOT GOZAR.
  1306 | D:1      | 1306 ||| READING scroll labelled CINLEL JOTT.
  1307 | D:1      | 1307 ||| DROPPING scroll of blinking.
  1356 | D:2      | 1356 ||| STAIRDANCE
  1404 | D:2      | 1404 ||| STAIRDANCE
  1469 | D:2      | Reached XP level 4. HP: 17/26 MP: 8/8
  1611 | D:2      | Found a runed translucent door.
  1612 | D:2      | Noticed Crazy Yiuf
  1614 | D:2      | 1614 ||| DROPPING +0 whip.
  1646 | D:2      | 1646 ||| Stepping ~*~*~tactically~*~*~ (stealth).
  1647 | D:2      | 1647 ||| Stepping ~*~*~tactically~*~*~ (stealth).
  1648 | D:2      | 1648 ||| Stepping ~*~*~tactically~*~*~ (stealth).
  1683 | D:2      | Noticed Terence
  1699 | D:2      | HP: 4/26 [Terence/+0 hand axe (5)]
  1704 | D:2      | HP: 1/26 [Terence/+0 hand axe (4)]
  1707 | D:2      | Killed Terence
  1708 | D:2      | Reached skill level 5 in Axes
  2115 | D:2      | Found a faded altar of an unknown god.
  2468 | D:2      | Gained mutation: Your magical nature lets you fly swiftly
                  | and evasively. [Tengu growth]
  2468 | D:2      | Reached XP level 5. HP: 10/30 MP: 9/9
  2831 | D:2      | 2831 ||| Stepping ~*~*~tactically~*~*~ (stealth).
  2984 | D:2      | 2984 ||| Stepping ~*~*~tactically~*~*~ (stealth).
  2985 | D:2      | 2985 ||| Stepping ~*~*~tactically~*~*~ (stealth).
  3064 | D:2      | 3064 ||| UPGRADING to +4 ring of protection.
  3065 | D:2      | 3065 ||| READING scroll labelled APTUSM KAILAONE.
  3066 | D:2      | 3066 ||| READING scroll labelled XOWNYR LOPT.
  3067 | D:2      | 3067 ||| READING scroll labelled TICIBL TOSUIN.
  3068 | D:2      | 3068 ||| READING scroll labelled ONETEASCHIP.
  3069 | D:2      | 3069 ||| Stepping randomly (stuck).
  3078 | D:2      | HP: 5/30 [Crazy Yiuf/+3 quarterstaff of chaos (6)]
  3082 | D:2      | Killed Crazy Yiuf
  3083 | D:2      | Reached skill level 6 in Axes
  3332 | D:2      | 3332 ||| DROPPING +2 vorpal hammer.
  3336 | D:2      | 3336 ||| DROPPING +1 hammer of draining.
  3337 | D:2      | 3337 ||| UPGRADING to +1 cloak of preservation.
  3450 | D:3      | 3450 ||| Stepping randomly (stuck).
  3461 | D:3      | 3461 ||| FLEEEEING.
  3462 | D:3      | 3462 ||| FLEEEEING.
  3463 | D:3      | 3463 ||| FLEEEEING.
  3464 | D:3      | 3464 ||| FLEEEEING.
  3584 | D:3      | 3584 ||| Stepping ~*~*~tactically~*~*~ (hiding).
  3625 | D:3      | Noticed Sigmund
  3640 | D:3      | HP: 6/30 [Sigmund/+3 scythe (3)]
  3645 | D:3      | Killed Sigmund
  3646 | D:3      | Reached skill level 7 in Axes
  3646 | D:3      | Reached XP level 6. HP: 5/35 MP: 10/10
  3989 | D:3      | 3989 ||| Stepping ~*~*~tactically~*~*~ (stealth).
  4188 | D:3      | 4188 ||| DROPPING +0 hammer of protection.
  4196 | D:3      | Found Yqegh's Assorted Antiques.
  4204 | D:3      | 4204 ||| BUYING bubbling yellow potion (27 gold).
  4204 | D:3      | Bought a bubbling yellow potion for 27 gold pieces
  4204 | D:3      | 4204 ||| BUYING bubbling yellow potion (27 gold).
  4204 | D:3      | Bought a bubbling yellow potion for 27 gold pieces
  4204 | D:3      | 4204 ||| BUYING scroll labelled PIHI TIPNEUHAP (31 gold).
  4204 | D:3      | Bought a scroll labelled PIHI TIPNEUHAP for 31 gold pieces
  4388 | D:3      | 4388 ||| READING scroll labelled TOIH FERACVEO.
  4389 | D:3      | 4389 ||| READING scroll labelled PIHI TIPNEUHAP.
  4390 | D:3      | 4390 ||| DRINKING 2 bubbling yellow potions.
  4509 | D:4      | HP: 4/36 [ogre/+0 giant club (26)]
  4510 | D:4      | 4510 ||| DRINKING potion of heal wounds.
  4516 | D:4      | Demolished by an ogre

Levels and vault maps discovered:
D:1:      nicolae_arrival_washed_ashore, layout_loops_corners
D:2:      layout_loops_ring, nicolae_ecumenical_snake_handling,
          grunt_ministairs_13, hangedman_decor_push, uniq_terence,
          uniq_crazy_yiuf_cottage
D:3:      layout_rooms, serial_shops, nicolae_lakefront_shop, minmay_surrounded,
          uniq_sigmund
D:4:      layout_basic, nicolae_overflow_hallway_of_the_gods,
          gammafunk_ghost_abyssal_escape, grunt_ministairs_4, abandoned_shop,
          abandoned_shop

Skill      XL: |  1  2  3  4  5 |
---------------+----------------+-----
Axes           | 3 4 5 7 |  7.3
Fighting       | |  2.5
Throwing       | |  1.0
Armour         | |  1.1
Dodging        | |  2.1
Spellcasting   | |  2.0
Translocations | |  2.4

Action                   |  1- 3 |  4- 6 || total
-------------------------+-------+-------++-------
Melee: Hand axe          |    79 |   188 ||   267
       Kick              |    24 |    47 ||    71
       Peck              |     6 |    29 ||    35
       Punch             |       |     3 ||     3
Throw: Boomerang         |     7 |       ||     7
  Use: Scroll            |     2 |     6 ||     8
       Potion            |       |     2 ||     2
Armor: Leather armour    |    11 |       ||    11
       Scale mail        |     6 |    35 ||    41
Dodge: Dodged            |    39 |    77 ||   116

Table legend:
 A = Non-vault XP
 B = Vault XP
 C = Vault XP percentage of total XP
 D = Non-vault monster count
 E = Vault monster count
 F = Vault count percentage of total count
                 A         B        C        D         E       F
            +---------+---------+-------+---------+---------+-------
      Total |     210 |     310 |  59.6 |      72 |      14 |  16.3
            +---------+---------+-------+---------+---------+-------
        D:1 |      48 |       0 |   0.0 |      28 |       0 |   0.0
        D:2 |      97 |      83 |  46.1 |      30 |       7 |  18.9
        D:3 |      64 |     227 |  78.0 |      13 |       7 |  35.0
        D:4 |       1 |       0 |   0.0 |       1 |       0 |   0.0
            +---------+---------+-------+---------+---------+-------
